 Dungeon Crawl Stone Soup version 0.26-a0-663-g36e8fdb655 (webtiles) character file.

Game seed: 15457894000939772939

2541 somkeydreadnuts the Cleaver (level 9, -13/81 HPs)
             Began as a Deep Dwarf Fighter on Oct 13, 2020.
             Was a Follower of Makhleb.
             Mangled by a two-headed ogre
             ... wielding a +0 giant spiked club
              (19 damage)
             ... on level 7 of the Dungeon.
             The game lasted 00:37:39 (4875 turns).

somkeydreadnuts the Cleaver (Deep Dwarf Fighter)    Turns: 4875, Time: 00:37:39

Health: -13/81     AC: 12    Str: 24    XL:     9   Next: 30%
Magic:  5/5        EV:  7    Int:  8    God:    Makhleb [*.....]
Gold:   236        SH: 11    Dex: 18    Spells: 8/8 levels left

rFire    . . .     SeeInvis +   a - +0 war axe
rCold    . . .     Faith    .   c - +0 kite shield
rNeg     . . .     Spirit   .   f - +0 chain mail
rPois    .         Reflect  .   (no helmet)
rElec    .         Harm     .   (no cloak)
rCorr    .         Rampage  .   g - +0 pair of gloves
MR       +....                  m - +0 pair of boots
Stlth    ..........             (no amulet)
HPRegen  0.00/turn              r - +6 ring of dexterity
MPRegen  0.09/turn              o - ring of see invisible

@: non-regenerating
A: damage resistance, heal wounds, sense surroundings 2, no regeneration
a: Heal Wounds, Renounce Religion


You were on level 7 of the Dungeon.
You worshipped Makhleb.
Makhleb was aware of your devotion.
You visited 1 branch of the dungeon, and saw 7 of its levels.

You collected 344 gold pieces.
You spent 108 gold pieces at shops.

Inventory:

Hand Weapons
 a - a +0 war axe (weapon)
 x - a +0 club
 y - a +4 dagger of draining
 F - a +2 battleaxe
Missiles
 z - 204 stones (quivered)
Armour
 c - a +0 kite shield (worn)
 f - a +0 chain mail (worn)
 g - a +0 pair of gloves (worn)
 m - a +0 pair of boots (worn)
Jewellery
 b - an uncursed ring of poison resistance
 o - a ring of see invisible (right hand)
 r - a +6 ring of dexterity (left hand)
 A - an uncursed ring of poison resistance
Wands
 w - a wand of enslavement (7)
 B - a wand of paralysis (7)
 E - a wand of random effects (19)
 G - a wand of iceblast (8)
Scrolls
 e - 5 scrolls of teleportation
 h - 2 scrolls of magic mapping {unknown}
 l - 7 scrolls of identify
 p - 2 scrolls of immolation {unknown}
 q - 3 scrolls of enchant armour {unknown}
 s - 6 scrolls of amnesia
 u - 4 scrolls of remove curse
 v - a scroll of enchant weapon {unknown}
 C - a scroll of blinking
Potions
 d - 2 potions of might
 i - a potion of lignification
 j - 2 potions of curing
 k - a potion of magic
 n - a potion of ambrosia
 t - 3 potions of haste
 D - a potion of heal wounds {unknown}


   Skills:
 + Level 5.4 Fighting
 + Level 0.2 Short Blades
 + Level 9.8 Axes
 + Level 5.8 Armour
 + Level 1.5 Dodging
 + Level 2.5 Stealth
 + Level 6.6 Shields
 + Level 0.3 Evocations


You had 8 spell levels left.
You didn't know any spells.
Your spell library was empty.

Dungeon Overview and Level Annotations

Branches:
Dungeon (7/15)             Temple (0/1) D:7

Altars:
Ashenzari
Fedhas
Gozag
Hepliaklqana
Makhleb
Qazlal
Sif Muna
Xom

Shops:
D:7 ?


Innate Abilities, Weirdness & Mutations

You are resistant to damage.
You can heal yourself by infusing magical energy.
You passively map the area around you.
You do not regenerate.


Message History

* * * LOW HITPOINT WARNING * * *
Unknown command.
You slash the two-headed ogre!
The two-headed ogre is moderately wounded.
The two-headed ogre hits you with a +0 giant spiked club!
* * * LOW HITPOINT WARNING * * *
The two-headed ogre closely misses you.
You feel much better.
The two-headed ogre barely misses you. x2
The two-headed ogre hits you with a +0 giant spiked club!
The two-headed ogre hits you with a +0 giant club!
* * * LOW HITPOINT WARNING * * *
Your magical essence is drained by the effort!
You feel much better. You block the two-headed ogre's attack.
The two-headed ogre hits you with a +0 giant club.
You completely miss the two-headed ogre.
The two-headed ogre is moderately wounded.
The two-headed ogre hits you with a +0 giant spiked club!!
* * * LOW HITPOINT WARNING * * *
The two-headed ogre hits you with a +0 giant club!!
You die...

#### ..# * * # #<###### , #.
#@...(.# ####### *
#.#.###O####.# #...... , ,
,.#........#* * #.##### * ***
#.###.###.# , #.# #.# #.#
#.##.#####.#
####.###.###.##.......#####
##..........................
##...#.###.#...#############.
*###......###.#...#
#.†........


You could see a two-headed ogre (fast).

Vanquished Creatures
  Pikel (D:4)
  A black bear (D:7)
  4 ogres
  A centaur (D:5)
  3 phantoms
  A bullfrog (D:4)
  A big kobold (D:7)
  A scorpion (D:5)
  5 killer bees (D:7)
  3 wights (D:6)
  A howler monkey (D:6)
  A jelly (D:5)
  4 hounds
  3 orc priests
  3 bullfrog skeletons
  4 orc wizards
  Terence (D:2)
  3 worker ants
  A hound skeleton (D:6)
  Robin (D:4)
  5 adders
  3 gnolls (D:7)
  A white imp (D:6)
  An ooze (D:5)
  An adder skeleton (D:5)
  2 adder zombies
  A worm (D:2)
  7 leopard geckos
  18 orcs
  3 ball pythons
  6 bats
  4 giant cockroaches
  19 goblins
  13 hobgoblins
  7 jackals
  4 quokkas
  7 frilled lizards
  9 kobolds
  10 rats
164 creatures vanquished.

Vanquished Creatures (others)
  13 fungi (D:7)
  4 plants (D:7)
17 creatures vanquished.

Grand Total: 181 creatures vanquished

Notes
Turn   | Place    | Note
-------+----------+-------------------------------------------
     0 | D:1      | somkeydreadnuts the Deep Dwarf Fighter began the quest for
                  | the Orb.
     0 | D:1      | Reached XP level 1. HP: 20/20 MP: 1/1
    65 | D:1      | You fall into a shaft and drop 1 floor!
    92 | D:2      | Noticed Terence
   111 | D:2      | Reached XP level 2. HP: 24/27 MP: 2/2
   125 | D:2      | Killed Terence
   125 | D:2      | Reached XP level 3. HP: 24/34 MP: 3/3
   421 | D:2      | Found an opulent altar of Gozag.
  1208 | D:1      | Reached XP level 4. HP: 22/42 MP: 4/4
  1435 | D:1      | Reached skill level 3 in Axes
  1995 | D:3      | Reached XP level 5. HP: 15/49 MP: 5/5
  2238 | D:4      | Noticed Robin
  2251 | D:4      | Reached skill level 4 in Axes
  2266 | D:4      | Killed Robin
  2300 | D:4      | Reached XP level 6. HP: 32/56 MP: 6/6
  2436 | D:4      | Reached skill level 5 in Axes
  2637 | D:4      | Noticed Pikel
  2663 | D:4      | Killed Pikel
  2663 | D:4      | Reached skill level 7 in Axes
  2663 | D:4      | Reached skill level 1 in Dodging
  2663 | D:4      | Reached skill level 5 in Shields
  2663 | D:4      | Reached XP level 7. HP: 19/66 MP: 7/7
  3075 | D:5      | Entered Level 5 of the Dungeon
  3095 | D:5      | Reached XP level 8. HP: 16/73 MP: 8/8
  3103 | D:5      | HP: 2/73 [ogre/+0 giant club (17)]
  3238 | D:5      | Found a stormy altar of Qazlal.
  3238 | D:5      | Found a broken altar of Ashenzari.
  3239 | D:5      | Found a shimmering altar of Xom.
  3411 | D:5      | Found a hazy altar of Hepliaklqana.
  3537 | D:5      | Reached skill level 8 in Axes
  3537 | D:5      | Reached skill level 5 in Armour
  3792 | D:6      | HP: 2/73 [wight/cursed +4 long sword (8)]
  3958 | D:6      | Reached skill level 5 in Fighting
  4088 | D:6      | Found a burning altar of Makhleb.
  4095 | D:6      | Reached skill level 9 in Axes
  4099 | D:6      | Became a worshipper of Makhleb the Destroyer
  4514 | D:7      | Gained mutation: You passively map the area around you.
                  | [Deep Dwarf growth]
  4514 | D:7      | Reached XP level 9. HP: 22/81 MP: 6/6
  4575 | D:7      | Found a staircase to the Ecumenical Temple.
  4584 | D:7      | Found Etukhliurgh's Magic Scroll Emporium.
  4619 | D:7      | Bought a scroll of teleportation for 36 gold pieces
  4619 | D:7      | Bought a scroll of remove curse for 36 gold pieces
  4619 | D:7      | Bought a scroll of teleportation for 36 gold pieces
  4694 | D:7      | Reached * piety under Makhleb
  4721 | D:7      | Found a blossoming altar of Fedhas.
  4775 | D:7      | Found a shimmering blue altar of Sif Muna.
  4851 | D:7      | Noticed a two-headed ogre
  4875 | D:7      | Mangled by a two-headed ogre

Illustrated notes

Levels and vault maps discovered:
D:1:      matt_arrival_spirals, layout_basic
D:2:      layout_basic, nicolae_gozag_cash_rules_everything_around_me,
          uniq_terence
D:3:      layout_rooms
D:4:      layout_basic, uniq_robin, uniq_pikel
D:5:      layout_basic, lemuel_round_altar, gammafunk_temple_overflow_claw
D:6:      layout_gridville, makhleb_heckhound_becter
D:7:      layout_loops_ring, lemuel_round_altar, temple_pool_b, serial_shops,
          shop, shop, nicolae_shop_statue_plus, shop, shop,
          minmay_misc_feat_iff, fedhas_altar_3

Skill      XL: |  1  2  3  4  5  6  7  8 |
---------------+-------------------------+-----
Fighting       | 3 4 5 |  5.4
Axes           | 3 4 7 9 |  9.8
Armour         | 4 5 |  5.8
Shields        | 4 5 6 |  6.6
Dodging        | 1 |  1.5
Stealth        | 2 |  2.5
Short Blades   | |  0.2
Evocations     | |  0.3

Action                   |  1- 3 |  4- 6 |  7- 9 || total
-------------------------+-------+-------+-------++-------
Melee: War axe           |    87 |   207 |   298 ||   592
       Dagger            |       |    12 |       ||    12
 Abil: Heal Wounds       |       |     1 |     8 ||     9
Evoke: Wand              |       |       |     4 ||     4
  Use: Potion            |       |       |     7 ||     7
       Scroll            |       |       |     2 ||     2
Armor: Chain mail        |    41 |   140 |   125 ||   306
Dodge: Dodged            |    12 |    49 |    75 ||   136
Block: Kite shield       |    39 |   140 |   178 ||   357

Table legend: (Time is in decaauts)
 A = Elapsed time spent in this place.
 B = Non-inter-level travel time spent in this place.
 C = Inter-level travel time spent in this place.
 D = Time resting spent in this place.
 E = Time spent auto-exploring this place.
 F = Levels seen in this place.
 G = Mean time per level.
                   A        B        C        D        E       F      G
               +--------+--------+--------+--------+--------+-----+--------+
         Total |   5016 |   4318 |    698 |      0 |   2830 |   7 |  716.6 |
       Dungeon |   5016 |   4318 |    698 |      0 |   2830 |   7 |  716.6 |
               +--------+--------+--------+--------+--------+-----+--------+

Top non-repeatable levels by time:
     D:2: 1038 daAuts
     D:4: 881 daAuts
     D:5: 713 daAuts
     D:1: 705 daAuts
     D:6: 664 daAuts
     D:3: 575 daAuts
     D:7: 437 daAuts
